 Dungeon Crawl Stone Soup version 0.16.1-18-g436b03c (webtiles) character file.

401 tesudzi the Chiller (level 6, -5/39 HPs)
             Began as an Octopode Ice Elementalist on May 12, 2015.
             Was an Initiate of Dithmenos.
             Slain by an orc wizard
             ... wielding a +2 dagger of distortion
              (13 damage)
             ... on level 4 of the Dungeon.
             The game lasted 00:16:45 (4243 turns).

tesudzi the Chiller (Octopode Ice Elementalist)     Turns: 4243, Time: 00:16:45

Health: -5/39      AC:  6    Str:  7    XL:     6   Next: 85%
Magic:  10/10      EV: 12    Int: 17    God:    Dithmenos [......]
Gold:   132        SH:  0    Dex: 15    Spells: 3 memorised, 3 levels left

rFire  . . .     SeeInvis .     t - +0 dagger (protect)
rCold  . . .     Clarity  .     (no shield)
rNeg   . . .     SustAb   .     (helmet restricted)
rPois  .         Gourm    .     (no amulet)
rElec  .         Spirit   .     (no ring)
rCorr  .         Warding  .     k - ring of wizardry
rMut   .         Stasis   .     (no ring)
MR     .....                    (no ring)
Stlth  ++++......               (no ring)
                                (no ring)
                                (no ring)
                                (no ring)

@: about to teleport, not resistant to hostile enchantments, stealthy
A: almost no armour, amphibious, 8 rings, constrict 8, camouflage 1, gelatinous
body 1
a: Renounce Religion


You were on level 4 of the Dungeon.
You worshipped Dithmenos.
Dithmenos was noncommittal.
You were not hungry.

You visited 1 branch of the dungeon, and saw 4 of its levels.

You collected 171 gold pieces.
You spent 39 gold pieces at shops.

Inventory:

Hand weapons
 d - a +0 dagger
 e - a +0 halberd
 r - a +0 blowgun
 t - a +0 dagger of protection (weapon)
 z - a +0 flail of crushing
Missiles
 a - 21 stones (quivered)
 l - 11 arrows
 s - 13 poisoned needles
Armour
 h - a +0 shield
Jewellery
 g - an uncursed ring of teleportation
 k - a ring of wizardry (right tentacle)
Scrolls
 p - 3 scrolls of remove curse
 v - a scroll of noise {unknown}
 y - a scroll of magic mapping {unknown}
 B - a scroll of teleportation
 C - a scroll of fog
Potions
 f - 2 potions of curing
 m - a potion of cancellation
 n - a potion of resistance {unknown}
 o - a potion of magic
 q - a potion of heal wounds {unknown}
 u - a potion of brilliance {unknown}
 w - a potion of berserk rage {unknown}
Books
 b - a book of Frost

   Spells                             Type                      Level
   a - Freeze                         Ice                          1
   b - Throw Frost                    Conjuration/Ice              2
   c - Ozocubu's Armour               Charms/Ice                   3
   d - Throw Icicle                   Conjuration/Ice              4
   e - Summon Ice Beast               Ice/Summoning                4
   f - Condensation Shield            Ice                          4
 i - a book of Unlife

   Spells                             Type                      Level
   a - Recall                         Summoning/Translocation      3
   b - Animate Dead                   Necromancy                   4
   c - Control Undead                 Necromancy                   4
   d - Cigotuvi's Embrace             Necromancy                   5
   e - Death Channel                  Necromancy                   6
   f - Simulacrum                     Ice/Necromancy               6
Comestibles
 c - 2 bread rations
 j - a meat ration
 x - a slice of pizza
 A - a chunk of flesh


   Skills:
 - Level 2.0 Fighting
 - Level 1.2 Short Blades
 + Level 2.0 Dodging
 + Level 5.4 Stealth
 + Level 2.0 Spellcasting
 - Level 1.0 Conjurations
 + Level 6.0 Ice Magic


You had 3 spell levels left.
You knew the following spells:

 Your Spells              Type           Power        Failure   Level  Hunger
a - Freeze                Ice            ###.         1%          1    #......
b - Throw Frost           Conj/Ice       ##....       4%          2    ###....
c - Ozocubu's Armour      Chrm/Ice       ##......     7%          3    ###....


Dungeon Overview and Level Annotations

Branches:
Dungeon (4/15)             Temple (0/1) D:4

Altars:
Dithmenos
Elyvilon
Gozag
Ru
Trog
Zin
The Shining One

Shops:
D:4 :?([

Annotations:
D:3 tesudzi's ghost, average NaVM


Innate Abilities, Weirdness & Mutations

You cannot wear most types of armour.
You are amphibious.
You can wear up to eight rings at the same time.
You can use your tentacles to constrict many enemies at once.
Your skin changes colour to match your surroundings (Stealth).
Your rubbery body absorbs attacks (AC +1).


Message History

The orc is severely wounded.
You constrict the orc. The orc hits you with a falchion.
You hit the orc.
You kill the orc!
Dithmenos accepts your kill.
Something tries to affect you, but you resist.
You barely miss the goblin. You grab the goblin. You squeeze the goblin.
You kill the goblin!
Dithmenos accepts your kill.
No target in view!
You hear some strange, mumbled words.
Something tries to affect you, but you resist.
You barely miss something. Something hits you. Space warps horribly around you!
You miss something. You squeeze something. Something hits you.
* * * LOW HITPOINT WARNING * * *
You feel strangely unstable.
You hit something. Something hits you.
* * * LOW HITPOINT WARNING * * *
Space warps horribly around you!
You die...

#..........#####..##..##.........
####.......# ##.......#..........
##.......###..###.........###..
###..........#.## ##.......## ##.
..............## #..#....## #..
...[.........## ##.###....###..
.............### #.## ##....##..
∩...####.......####.# ##.......
....## ##.......@{).# ##......
.....####.......###.## ##......
.......##........###.#####.......
##.................#........##>..
#####......................####..
# ##..##............#...## #.. #
##..##............#...# #.. ##
#..###...............######..
.####..##...................##...


There were no monsters in sight!

Vanquished Creatures
  2 scorpions (D:4)
  3 hounds (D:4)
  A giant frog skeleton (D:4)
  An orc wizard (D:4)
  A gnoll (D:1)
  6 adders
  2 worms
  4 giant geckos
  4 orcs (D:4)
  A ball python (D:1)
  6 giant cockroaches
  9 goblins
  6 hobgoblins
  6 jackals (D:1)
  8 bats
  3 giant newts
  13 kobolds
  6 rats
82 creatures vanquished.

Notes
Turn   | Place    | Note
--------------------------------------------------------------
     0 | D:1      | tesudzi, the Octopode Ice Elementalist, began the quest for the Orb.
     0 | D:1      | Reached XP level 1. HP: 11/11 MP: 3/3
   270 | D:1      | Reached XP level 2. HP: 12/17 MP: 4/4
   300 | D:1      | Learned a level 2 spell: Throw Frost
   405 | D:1      | Reached skill level 4 in Ice Magic
   502 | D:1      | Reached XP level 3. HP: 17/21 MP: 3/6
   566 | D:1      | Learned a level 3 spell: Ozocubu's Armour
  1238 | D:1      | Found a sacrificial altar of Ru.
  1336 | D:2      | Found a glowing silver altar of Zin.
  1337 | D:2      | Found a white marble altar of Elyvilon.
  1384 | D:2      | Reached XP level 4. HP: 21/27 MP: 0/7
  1651 | D:2      | Reached skill level 5 in Ice Magic
  1971 | D:2      | Found an opulent altar of Gozag.
  1981 | D:2      | Found a glowing golden altar of the Shining One.
  2072 | D:3      | Found a shadowy altar of Dithmenos.
  2080 | D:3      | Became a worshipper of Dithmenos the Shadowed
  2204 | D:3      | Found a bloodstained altar of Trog.
  2306 | D:3      | Noticed tesudzi's ghost (average NaVM)
  2755 | D:4      | Found Vaamoeb's Antique Armour Shoppe.
  2849 | D:4      | Reached XP level 5. HP: 31/31 MP: 9/9
  3345 | D:4      | Found Oteel's Book Boutique.
  3581 | D:4      | Found Oseh's Magic Scroll Boutique.
  3631 | D:4      | Reached skill level 6 in Ice Magic
  3631 | D:4      | Reached XP level 6. HP: 35/37 MP: 0/10
  3658 | D:4      | Bought a scroll of teleportation for 39 gold pieces
  3702 | D:4      | Reached skill level 1 in Fighting
  3743 | D:4      | Found Xaetyem's Weapon Boutique.
  3753 | D:4      | Reached skill level 5 in Stealth
  3806 | D:4      | Found a staircase to the Ecumenical Temple.
  3964 | D:4      | Reached skill level 1 in Short Blades
  4243 | D:4      | Slain by an orc wizard

Action                   |  1- 3 |  4- 6 || total
-------------------------+-------+-------++-------
Melee: Dagger            |    32 |    95 ||   127
       Unarmed           |     2 |       ||     2
       Halberd           |    40 |    42 ||    82
 Cast: Throw Frost       |     9 |     6 ||    15
       Ozocubu's Armour  |     3 |     3 ||     6
       Freeze            |     2 |     3 ||     5
  Use: Scroll            |     2 |     4 ||     6
       Potion            |       |     2 ||     2
 Stab: Sleeping          |     4 |    15 ||    19
       Distracted        |     1 |     1 ||     2
  Eat: Chunk             |     1 |    11 ||    12
